Map: Eternal Empire LE

Players

Massa - Winner!

  • Race: Terran Terran
  • League: Gold
  • Spawn Location: 1:00

VOD

Have the link to the VOD?

Description

Time

  • Played on: Aug. 30, 2020, 5:02 a.m.
  • Length: 19:45
Show
View Real Time Build Order
Export as new Build Order

Massa Terran - Winner!

Build Orders:  

Get SALT Encoding   

  12  0:02  SCV  
  13  0:19  SCV  
  14  0:25  Supply Depot  
  14  0:35  SCV  
  15  0:55  SCV  
  15  0:56  Barracks  
  16  1:06  Refinery  
  16  1:12  SCV  
  17  1:32  SCV  
  18  1:49  SCV  
  19  2:10  Orbital Command  
  19  2:17  Reaper  
  20  2:22  Command Center  
  20  2:50  Supply Depot  
  20  2:51  SCV  
  20  2:57  Marine  
  22  3:05  Factory  
  22  3:08  SCV  
  23  3:25  SCV  
  23  3:28  Barracks Reactor  
  24  3:45  Unknown  
  24  4:17  Command Center  
  24  4:25  Orbital Command  
  24  4:29  SCV  
  25  4:44  Starport  
  25  4:46  SCV  
  26  5:03  SCV  
  26  5:05  SCV  
  28  5:13  Barracks Tech Lab  
  28  5:15  Hellion x2  
  28  5:19  SCV  
  33  5:31  Stimpack  
  33  5:33  Refinery  
  33  5:35  Viking  
  33  5:38  SCV x2  
  37  5:45  Marine  
  37  5:47  Hellion  
  37  5:48  Hellion  
  42  5:55  SCV x2  
  38  6:10  Marine  
  44  6:11  Orbital Command  
  44  6:15  SCV x2  
  47  6:20  Refinery  
  47  6:26  Command Center  
  47  6:30  Starport Tech Lab  
  47  6:32  SCV x2  
  49  6:43  Barracks  
  49  6:51  SCV x3  
  49  6:55  Factory Reactor  
  52  7:05  Barracks  
  52  7:12  Viking  
  52  7:18  Marine  
  55  7:26  Engineering Bay  
  55  7:32  Engineering Bay  
  55  7:40  SCV  
  55  7:41  SCV x2  
  55  7:43  Marine  
  55  7:48  Refinery  
  59  7:57  SCV x2  
  61  8:08  Supply Depot  
  61  8:13  Supply Depot  
  61  8:18  SCV x2  
  63  8:23  Supply Depot  
  63  8:28  SCV  
  64  8:34  Marine  
  64  8:35  SCV x2, Marine  
  64  8:39  Unknown  
  68  8:41  Hellion x2  
  68  8:45  SCV  
  73  8:55  Barracks Reactor  
  73  8:59  Barracks, Marine x2  
  74  9:04  Barracks  
  75  9:11  Hellion x2  
  75  9:12  Orbital Command  
  79  9:22  SCV x2  
  79  9:24  Marine  
  82  9:39  SCV x2  
  84  9:42  Marauder, Marine  
  84  9:46  Hellion x2  
  84  9:49  Marine  
  92  9:59  Starport Reactor  
  92  10:04  Barracks  
  92  10:07  Marine, Terran Infantry Weapons Level 1  
  92  10:08  Terran Infantry Armor Level 1  
  93  10:19  Armory  
  93  10:27  Command Center  
  93  10:35  Barracks Reactor x2  
  93  10:45  Supply Depot x2  
  93  10:58  Refinery  
  93  11:01  Refinery  
  93  11:15  SCV x2, Hellion, Marauder  
  93  11:18  Supply Depot  
  99  11:20  Supply Depot  
  99  11:25  Concussive Shells  
  99  11:26  Armory  
  99  11:27  Hellion  
  101  11:35  Marine x2  
  101  11:36  Marine x6  
  109  11:48  Hellion, Marauder, Medivac x2  
  109  11:49  Terran Vehicle Weapons Level 1  
  117  11:50  Supply Depot  
  117  11:55  Supply Depot  
  117  11:57  Hellion  
  119  12:00  Marine x4  
  119  12:01  Marine x2  
  119  12:02  Unknown  
  119  12:06  Unknown  
  119  12:07  Marine x2  
  127  12:10  Orbital Command  
  127  12:18  Marauder  
  129  12:24  Supply Depot  
  129  12:28  Supply Depot  
  129  12:30  Medivac x2  
  133  12:48  Marauder  
  135  13:00  Marine x2  
  135  13:01  Marine x6  
  143  13:12  Medivac x2  
  143  13:18  Marauder  
  149  13:25  Marine x3  
  149  13:26  Marine x5  
  155  13:48  Marauder  
  157  13:50  Marine x3  
  157  13:51  Marine x5  
  157  13:54  SCV x2  
  157  13:55  SCV x2  
  160  14:04  Unknown  
  146  14:11  SCV x2  
  146  14:12  Unknown  
  146  14:15  Marine x4  
  146  14:16  Unknown, Marine x4  
  146  14:18  Marauder  
  158  14:40  Supply Depot  
  158  14:42  Supply Depot  
  158  14:48  Marauder  
  158  14:49  Terran Vehicle And Ship Armor Level 1  
  160  14:50  Terran Vehicle Weapons Level 2, Supply Depot x2  
  160  14:53  Supply Depot  
  160  14:55  Terran Infantry Weapons Level 2  
  160  15:07  Command Center  
  160  15:14  Supply Depot  
  160  15:21  Supply Depot  
  160  15:24  Terran Infantry Armor Level 2  
  160  15:26  Supply Depot  
  160  15:27  Orbital Command  
  160  15:29  Supply Depot  
  160  15:31  Supply Depot  
  142  15:48  Supply Depot  
  142  15:52  Widow Mine  
  142  15:53  Widow Mine, Supply Depot  
  135  16:04  Unknown  
  135  16:08  Unknown  
  132  16:22  Widow Mine  
  132  16:23  Widow Mine  
  132  16:37  Unknown  
  132  16:52  Widow Mine, SCV x4  
  132  16:53  Widow Mine  
  131  17:09  SCV  
  136  17:21  Refinery  
  136  17:22  Widow Mine  
  136  17:23  Widow Mine  
  136  17:29  Refinery  
  106  19:24  Unknown  
  106  19:26  Unknown  
Tags
 
League
Gold
Matchup
Co-op
Replay Pack
Multiplayer
Add a new tag
Caveats
  • Supply blocks, unpowered buildings, or Contaminate may cause inaccurate times.
  • Supply counts are checked every 10 seconds.